 Dungeon Crawl Stone Soup version 0.29-a0-520-gc852659d43 (console) character file.

Game seed: 6901912787071043966

852 reva the Magician (level 7, -1/46 HPs)
             Began as a Mummy Wanderer on May 31, 2022.
             Slain by a wight
             ... wielding a +4 flail of freezing
              (13 damage)
             ... on level 5 of the Dungeon.
             The game lasted 00:11:53 (6258 turns).

reva the Magician (Mummy Wanderer)                  Turns: 6258, Time: 00:11:53

Health: -1/46      AC:  5    Str: 12    XL:     7   Next: 69%
Magic:  15/17      EV: 11    Int: 14    God:
Gold:   186        SH:  5    Dex: 14    Spells: 15/20 levels left

rFire   x . .      SeeInvis .   n - +2 dagger (venom)
rCold   + . .      Faith    .   (no shield)
rNeg    + + +      Spirit   .   l - +1 animal skin
rPois   ∞          Reflect  +   m - +0 helmet
rElec   .          Harm     .   o - +0 cloak
rCorr   .          Rampage  .   (no gloves)
Will    .....                   (no boots)
Stlth   +.........              k - amulet of reflection
HPRegen 0.15/turn               h - +4 ring of slaying
MPRegen 0.15/turn               (no ring)

@: no status effects
A: cold resistance 1, negative energy resistance 3, torment resistance 2, heat
vulnerability 1, in touch with death 1, no potions
a: no special abilities


You were on level 5 of the Dungeon.
You visited 1 branch of the dungeon, and saw 5 of its levels.

You collected 186 gold pieces.

Inventory:

Hand Weapons
 n - a +2 dagger of venom (weapon)
Missiles
 c - 4 curare-tipped darts
Armour
 l - a +1 animal skin (worn)
 m - a +0 helmet (worn)
 o - a +0 cloak (worn)
Jewellery
 h - a +4 ring of slaying (left hand)
 k - an amulet of reflection (around neck)
Wands
 a - a wand of iceblast (1)
Scrolls
 b - a scroll of blinking
 e - 2 scrolls of teleportation
 f - a scroll of immolation
 g - a scroll of enchant armour
 i - a scroll of fog
 j - a scroll of magic mapping
 p - a scroll of identify
Miscellaneous
 d - a piece from Xom's chessboard (15/15) (quivered)


   Skills:
 + Level 1.8 Throwing
 + Level 7.4 Spellcasting
 - Level 4.0 Summonings
 + Level 5.3 Necromancy
 - Level 2.4 Evocations


You had 15 spell levels left.
You knew the following spells:

 Your Spells              Type           Power      Damage    Failure   Level
a - Necrotize             Necr           100%       1d9       1%          1
b - Summon Small Mammal   Summ           64%        N/A       2%          1
c - Call Canine Familiar  Summ           16%        N/A       8%          3

Your spell library contained the following spells:

 Spells                   Type           Power      Damage    Failure   Level
 Animate Dead             Necr           30%        N/A       16%         4
 Corpse Rot               Necr/Pois/Air  15%        N/A       54%         4
 Olgreb's Toxic Radiance  Pois           5%         N/A       80%         4
 Ozocubu's Refrigeration  Ice            2%         4d5       100%        7
 Ignition                 Fire           2%         3d3       100%        8


Dungeon Overview and Level Annotations

Branches:
Dungeon (5/15)
 Temple: D:4-7

Altars:
Beogh

Annotations:
D:3 3 runed translucent doors, purpskrrrp's ghost, amateur KoFi


Innate Abilities, Weirdness & Mutations

You are immune to poison.
Your flesh is cold resistant. (rC+)
You are immune to negative energy. (rN+++)
You are immune to unholy pain and torment.
You are vulnerable to heat. (rF-)
You are in touch with the powers of death.
You do not drink.


Message History

Confirm with . or Enter, or press ? or * to list all spells.
The wight closely misses your hound.
Your hound bites the wight.
What are your orders? t - Shout!
Orders for allies: a - Attack new target. r - Retreat! s - Stop attacking. g - Guard the area. f - Follow me.
Anything else - Cancel.
Guard this area!
The wight completely misses your hound.
A wight comes into view. It is wielding a +4 flail of freezing.
Your hound barely misses the wight.
Your hound bites the wight.
The wight misses your hound.
Your hound closely misses the wight.
Your hound barely misses the wight.
Something hits your hound. Something hits your hound!
Something freezes your hound.
Your hound dies!
Your hound's corpse disappears in a puff of smoke!
A wight is nearby!
There is a stone staircase leading up here.
Casting: Call Canine Familiar (dangerous; 8% risk of failure)
Confirm with . or Enter, or press ? or * to list all spells.
Press: ? - help, v - describe, . - travel
Here: a wight, wielding a +4 flail of freezing and wearing a +0 robe (ally target)
The floor.
Unknown command.
Your hound closely misses the wight.
Your hound bites the wight but does no damage.
You barely miss the wight.
Your hound bites the wight.
The wight hits you with a +4 flail of freezing!
The wight freezes you.
Your hound closely misses the wight.
You closely miss the wight.
The wight is moderately damaged.
The wight hits you with a +4 flail of freezing!
The wight freezes you.
* * * LOW HITPOINT WARNING * * *
Your hound bites the wight but does no damage.
Your hound bites the wight.
The wight hits you with a +4 flail of freezing!
You die...

#..# ##.## ### ###..###
..# ####......# ..##
##.........# ...##
#..........# ....##
#..........# .....#
##......zh.##
.....###........@..#
............!.......#
......#####......##....[
.......# ###....# .....
.......# ###### ....
......## .. #....## .
#...## ##.##


You could see a wight (ally target) and a friendly hound (summoned).

Vanquished Creatures
  Grinder (D:5)
  A kobold brigand (D:5)
  A howler monkey (D:4)
  3 hounds
  An orc priest (D:3)
  Ijyb (D:3)
  Robin (D:3)
  10 gnolls
  4 adders
  An ufetubus (D:4)
  A worm (D:2)
  2 dart slugs
  4 orcs
  5 endoplasms
  A giant cockroach (D:1)
  11 goblins
  6 hobgoblins
  7 kobolds
  4 quokkas
  4 ball pythons
  6 bats
  A frilled lizard (D:3)
  A rat (D:2)
77 creatures vanquished.

Vanquished Creatures (collateral kills)
  A necrophage (D:3)
  Crazy Yiuf (D:3)
  An orc priest (D:3)
  An orc wizard (D:2)
  A nameless horror (D:2)
  A gnoll (D:3)
  2 orcs (D:3)
  4 goblins
  A ball python (D:1)
13 creatures vanquished.

Grand Total: 90 creatures vanquished

Notes
Turn   | Place    | Note
-------+----------+-------------------------------------------
     0 | D:1      | reva the Mummy Wanderer began the quest for the Orb.
     0 | D:1      | reva set off with the following items: a +0 dagger, a
                  | scroll of blinking, a +0 robe, a piece from Xom's
                  | chessboard (15/15); and the following spells available to
                  | memorise: Necrotize, Summon Small Mammal, Call Canine
                  | Familiar, Animate Dead, Corpse Rot
     0 | D:1      | Reached XP level 1. HP: 13/13 MP: 2/2
    40 | D:1      | Learned a level 1 spell: Necrotize
    42 | D:1      | Learned a level 1 spell: Summon Small Mammal
   428 | D:1      | Reached skill level 2 in Spellcasting
   697 | D:1      | Reached XP level 2. HP: 14/19 MP: 0/5
  1337 | D:2      | Reached skill level 3 in Spellcasting
  1480 | D:2      | Gained mutation: You are in touch with the powers of death.
                  | [Mummy growth]
  1480 | D:2      | Reached XP level 3. HP: 24/24 MP: 4/7
  1643 | D:2      | Reached XP level 4. HP: 28/30 MP: 0/9
  1790 | D:2      | Reached skill level 4 in Spellcasting
  2496 | D:3      | Learned a level 3 spell: Call Canine Familiar
  2525 | D:3      | Noticed a necrophage
  2550 | D:3      | Killed a necrophage
  2551 | D:3      | Reached skill level 5 in Spellcasting
  2551 | D:3      | Reached XP level 5. HP: 16/35 MP: 2/12
  2801 | D:3      | Noticed Robin
  2806 | D:3      | Killed Robin
  3016 | D:2      | Reached XP level 6. HP: 36/41 MP: 5/14
  3167 | D:3      | Found a runed translucent gate.
  3168 | D:3      | Found a runed translucent gate.
  3168 | D:3      | Noticed purpskrrrp's ghost (amateur KoFi)
  3169 | D:3      | Found a runed translucent gate.
  3332 | D:3      | Noticed Ijyb
  3420 | D:3      | Killed Ijyb
  3575 | D:3      | Identified the +2 chain mail of Eklaxasedot {-Tele Rampage
                  | rElec Int+3}
  3792 | D:3      | Found a runed translucent door.
  3793 | D:3      | Noticed Crazy Yiuf
  4020 | D:3      | Killed Crazy Yiuf
  4021 | D:3      | Reached skill level 6 in Spellcasting
  5573 | D:5      | Entered Level 5 of the Dungeon
  5588 | D:5      | Reached XP level 7. HP: 36/46 MP: 17/17
  6042 | D:5      | Noticed Grinder
  6068 | D:5      | Killed Grinder
  6069 | D:5      | Reached skill level 1 in Throwing
  6069 | D:5      | Reached skill level 7 in Spellcasting
  6069 | D:5      | Reached skill level 5 in Necromancy
  6258 | D:5      | Slain by a wight

Illustrated notes

Levels and vault maps discovered:
D:1:      dpeg_arrival_round_a, layout_basic, serial_aquarium,
          aquarium_bridge_square [aquarium_subvault_wall,
          aquarium_subvault_balcony, aquarium_subvault_balcony,
          aquarium_subvault_bridge], aquarium_window_fake,
          aquarium_window_corner, aquarium_window_fake, aquarium_view_2b,
          aquarium_view_2f, aquarium_balcony_3a
D:2:      layout_loops_ring
D:3:      kennysheep_the_goblin_king, layout_basic, biasface_ghost_orc_armoury,
          uniq_robin, uniq_crazy_yiuf_cottage
D:4:      layout_gridville, serial_rivers, chequers_serial_rivers_micro_a,
          chequers_serial_rivers_small_a, chequers_serial_rivers_marsh,
          chequers_serial_rivers_marsh, chequers_serial_rivers_small_b,
          chequers_serial_rivers_micro_c
D:5:      layout_cave_pods, uniq_grinder

Skill      XL: |  1  2  3  4  5  6  7 |
---------------+----------------------+-----
Spellcasting   | 2 3 5 6 7 |  7.4
Summonings     | 2 3 4 |  4.0
Throwing       | 1 |  1.8
Necromancy     | 5 |  5.3
Evocations     | |  2.4

Action                   |  1- 3 |  4- 6 |  7- 9 || total
-------------------------+-------+-------+-------++-------
Melee: Dagger            |    11 |    81 |    37 ||   129
       Punch             |       |     1 |     2 ||     3
 Cast: Necrotize         |    54 |    78 |       ||   132
       Call Canine Famil |       |    15 |     4 ||    19
       Summon Small Mamm |       |     1 |       ||     1
  Use: Scroll            |       |     8 |       ||     8
 Stab: Sleeping          |       |     1 |       ||     1
Armor: Robe              |     8 |     8 |       ||    16
       Animal skin       |       |    25 |    15 ||    40
Dodge: Dodged            |    18 |    62 |    37 ||   117
Block: Other             |       |    20 |     9 ||    29

Table legend: (Time is in decaauts)
 A = Elapsed time spent in this place.
 B = Non-inter-level travel time spent in this place.
 C = Inter-level travel time spent in this place.
 D = Time resting spent in this place.
 E = Time spent auto-exploring this place.
 F = Levels seen in this place.
 G = Mean time per level.
                   A        B        C        D        E       F      G
               +--------+--------+--------+--------+--------+-----+--------+
         Total |   6270 |   5946 |    324 |   2099 |   2868 |   5 | 1254.0 |
       Dungeon |   6270 |   5946 |    324 |   2099 |   2868 |   5 | 1254.0 |
               +--------+--------+--------+--------+--------+-----+--------+

Top non-repeatable levels by time:
     D:3: 2241 daAuts
     D:1: 1305 daAuts
     D:2: 1267 daAuts
     D:4: 1093 daAuts
     D:5: 362 daAuts
